 Dungeon Crawl Stone Soup version 0.29-a0-67-g1d65ae1bb4 (webtiles) character file.

Game seed: 11485110915553829031

181 Gargoyl the Skirmisher (level 5, 0/47 HPs)
             Began as a Gnoll Abyssal Knight on Feb 3, 2022.
             Was a Believer of Lugonu.
             Slain by a water moccasin zombie (5 damage)
             ... in an ossuary.
             The game lasted 00:03:06 (3080 turns).

Gargoyl the Skirmisher (Gnoll Abyssal Knight)       Turns: 3080, Time: 00:03:07

Health: 0/47       AC:  7    Str: 14    XL:     5   Next: 61%
Magic:  8/8        EV: 10    Int: 10    God:    Lugonu [**....]
Gold:   165        SH:  0    Dex: 12    Spells: 7/7 levels left

rFire   . . .      SeeInvis .   a - +1 hand axe
rCold   . . .      Faith    .   (no shield)
rNeg    . . .      Spirit   .   g - +0 scale mail
rPois   .          Reflect  .   (no helmet)
rElec   .          Harm     .   (no cloak)
rCorr   .          Rampage  .   (no gloves)
Will    .....                   (no boots)
Stlth   ..........              (no amulet)
HPRegen 0.15/turn               (no ring)
MPRegen 0.11/turn               (no ring)

@: hasted, very quick
A: fangs 1, strong nose, distributed training
a: Renounce Religion, Depart the Abyss, Bend Space


You were in an ossuary.
You worshipped Lugonu.
Lugonu was pleased with you.
You visited 1 branch of the dungeon, and saw 4 of its levels.
You visited the Abyss 1 time.
You also visited: Ossuary.

You collected 165 gold pieces.

Inventory:

Hand Weapons
 a - a +1 hand axe (weapon)
 b - a +1 dagger of draining
Missiles
 f - 5 poisoned darts (quivered)
Armour
 g - a +0 scale mail (worn)
Potions
 e - a potion of curing {unknown}
 h - a potion of degeneration {unknown}
 i - a potion of cancellation {unknown}
 j - a potion of attraction {unknown}
 k - a potion of might {unknown}


   Skills:
 + Level 6.7 Fighting
 + Level 1.5 Short Blades
 + Level 1.5 Long Blades
 + Level 4.8 Axes
 + Level 1.5 Maces & Flails
 + Level 1.5 Polearms
 + Level 1.5 Staves
 + Level 1.5 Slings
 + Level 1.5 Bows
 + Level 1.5 Crossbows
 + Level 1.5 Throwing
 + Level 4.8 Armour
 + Level 3.0 Dodging
 + Level 1.5 Stealth
 + Level 1.5 Shields
 + Level 1.5 Unarmed Combat
 + Level 1.5 Spellcasting
 + Level 1.2 Conjurations
 + Level 1.2 Hexes
 + Level 1.2 Summonings
 + Level 1.2 Necromancy
 + Level 1.2 Translocations
 + Level 1.2 Transmutations
 + Level 1.2 Fire Magic
 + Level 1.2 Ice Magic
 + Level 1.2 Air Magic
 + Level 1.2 Earth Magic
 + Level 1.2 Poison Magic
 + Level 4.9 Invocations
 + Level 1.5 Evocations


You had 7 spell levels left.
You didn't know any spells.
Your spell library contained the following spells:

 Spells                   Type           Power      Damage    Failure   Level
 Dispersal                Tloc           1%         N/A       100%        6
 Disjunction              Tloc           1%         N/A       100%        8


Dungeon Overview and Level Annotations

Branches:
Dungeon (4/15)            Ossuary (1/1)
 Temple: D:4-7

Altars:

Shops:
D:2 :?(


Innate Abilities, Weirdness & Mutations

You have very sharp teeth.
Your uncanny sense of smell can sniff out nearby items.
Your experience applies equally to all skills.


Message History

The water moccasin zombie barely misses you.
The water moccasin zombie bites you.
* * * LOW HITPOINT WARNING * * *
You closely miss the water moccasin zombie.
The water moccasin zombie is moderately damaged.
The water moccasin zombie barely misses you.
You hit the water moccasin zombie.
The water moccasin zombie is heavily damaged.
The water moccasin zombie bites you.
* * * LOW HITPOINT WARNING * * *
You barely miss the water moccasin zombie.
The water moccasin zombie is heavily damaged.
The water moccasin zombie bites you.
* * * LOW HITPOINT WARNING * * *
A bog mummy comes into view.
The water moccasin zombie closely misses you.
You barely miss the water moccasin zombie.
The water moccasin zombie is heavily damaged.
The water moccasin zombie misses you.
It was a potion of haste.
You feel yourself speed up.
The water moccasin zombie barely misses you.
You hit the water moccasin zombie.
The water moccasin zombie is severely damaged.
The water moccasin zombie bites you but does no damage.
You slash the water moccasin zombie!
Your punch misses the water moccasin zombie.
The water moccasin zombie is severely damaged.
The water moccasin zombie bites you but does no damage.
You completely miss the water moccasin zombie.
The water moccasin zombie is severely damaged.
The water moccasin zombie bites you but does no damage.
You slash the water moccasin zombie!
The water moccasin zombie is almost destroyed.
You hit the water moccasin zombie but do no damage.
The water moccasin zombie is almost destroyed.
The water moccasin zombie barely misses you.
You completely miss the water moccasin zombie.
The water moccasin zombie is almost destroyed.
The water moccasin zombie bites you.
You die...

∆∆∆ ∆∆∆ ∆∆∆ #####
#..∩# ∆∆∆
#.∩.###∆∆∆
#...#@#∆∆∆
≈≈#≈##'##Z##+##≈
#P..≈≈≈....≈≈≈M..
#≈≈≈.#≈#+#+#'#≈≈.#
#≈≈≈ #. P# .≈ ###
## #


You could see a water moccasin zombie.

Vanquished Creatures
  An orc priest (D:3)
  A hound skeleton (D:4)
  3 mummies (Ossuary)
  3 adders
  A worm (D:2)
  A dart slug (D:1)
  6 orcs (D:3)
  4 endoplasms
  A giant cockroach (D:3)
  2 goblins
  7 hobgoblins
  2 quokkas
  6 ball pythons
  4 bats
  3 frilled lizards
  3 kobolds (D:3)
  2 rats
50 creatures vanquished.

Vanquished Creatures (others)
  3 plants (D:2)
  9 withered plants (Ossuary)
12 creatures vanquished.

Grand Total: 62 creatures vanquished

Notes
Turn   | Place    | Note
-------+----------+-------------------------------------------
     0 | Abyss:1  | Gargoyl the Gnoll Abyssal Knight began the quest for the
                  | Orb.
     0 | Abyss:1  | Reached XP level 1. HP: 23/23 MP: 3/3
     0 | D:1      | Escaped the Abyss
   105 | D:1      | Reached * piety under Lugonu
   259 | D:1      | Reached XP level 2. HP: 29/29 MP: 5/5
   757 | D:2      | Found a faded altar of an unknown god.
   869 | D:2      | Found Wowou's Book Boutique.
   960 | D:2      | Found Pyoqin's Antique Weapon Shop.
  1150 | D:2      | Reached XP level 3. HP: 30/35 MP: 6/6
  1243 | D:2      | Found Jociz's Magic Scroll Shop.
  1748 | D:3      | Reached skill level 1 in Short Blades
  1748 | D:3      | Reached skill level 1 in Long Blades
  1748 | D:3      | Reached skill level 1 in Maces & Flails
  1748 | D:3      | Reached skill level 1 in Polearms
  1748 | D:3      | Reached skill level 1 in Staves
  1748 | D:3      | Reached skill level 1 in Slings
  1748 | D:3      | Reached skill level 1 in Bows
  1748 | D:3      | Reached skill level 1 in Crossbows
  1748 | D:3      | Reached skill level 1 in Throwing
  1748 | D:3      | Reached skill level 1 in Stealth
  1748 | D:3      | Reached skill level 1 in Shields
  1748 | D:3      | Reached skill level 1 in Unarmed Combat
  1748 | D:3      | Reached skill level 1 in Spellcasting
  1748 | D:3      | Reached skill level 1 in Evocations
  2136 | D:3      | Reached XP level 4. HP: 37/41 MP: 7/7
  2478 | D:3      | Reached skill level 1 in Conjurations
  2478 | D:3      | Reached skill level 1 in Hexes
  2478 | D:3      | Reached skill level 1 in Summonings
  2478 | D:3      | Reached skill level 1 in Necromancy
  2478 | D:3      | Reached skill level 1 in Translocations
  2478 | D:3      | Reached skill level 1 in Transmutations
  2478 | D:3      | Reached skill level 1 in Fire Magic
  2478 | D:3      | Reached skill level 1 in Ice Magic
  2478 | D:3      | Reached skill level 1 in Air Magic
  2478 | D:3      | Reached skill level 1 in Earth Magic
  2478 | D:3      | Reached skill level 1 in Poison Magic
  2854 | D:4      | Reached XP level 5. HP: 39/47 MP: 8/8
  2917 | D:4      | Found a sand-covered staircase.
  2960 | Ossuary  | Entered an ossuary
  2977 | Ossuary  | Reached ** piety under Lugonu
  3080 | Ossuary  | Slain by a water moccasin zombie

Illustrated notes

Levels and vault maps discovered:
D:1:      saegor_arrival_simple_a, layout_basic
D:2:      layout_loops_ring, shapermc_ecumenical_altar_mp_ritualfount,
          serial_shops, nicolae_square_shop, nicolae_lakefront_shop,
          nicolae_shop_behind_doors, grunt_ministairs_13,
          small_statue_intersection, hangedman_decor_clover_reticule
D:3:      layout_loops_ring, kennysheep_donut, grunt_ministairs_7,
          kennysheep_generic_room_12
D:4:      layout_loops_cross, chequers_ossuary_entry_cave,
          minmay_misc_feat_enclosed, nicolae_underground_beach
Ossuary:  ossuary_zaba_flooded

Skill      XL: |  1  2  3  4  5 |
---------------+----------------+-----
Short Blades   | 1 |  1.5
Long Blades    | 1 |  1.5
Maces & Flails | 1 |  1.5
Polearms       | 1 |  1.5
Staves         | 1 |  1.5
Slings         | 1 |  1.5
Bows           | 1 |  1.5
Crossbows      | 1 |  1.5
Throwing       | 1 |  1.5
Stealth        | 1 |  1.5
Shields        | 1 |  1.5
Unarmed Combat | 1 |  1.5
Spellcasting   | 1 |  1.5
Evocations     | 1 |  1.5
Conjurations   | 1 |  1.2
Hexes          | 1 |  1.2
Summonings     | 1 |  1.2
Necromancy     | 1 |  1.2
Translocations | 1 |  1.2
Transmutations | 1 |  1.2
Fire Magic     | 1 |  1.2
Ice Magic      | 1 |  1.2
Air Magic      | 1 |  1.2
Earth Magic    | 1 |  1.2
Poison Magic   | 1 |  1.2
Dodging        | 3 |  3.0
Fighting       | |  6.7
Axes           | |  4.8
Armour         | |  4.8
Invocations    | |  4.9

Action                   |  1- 3 |  4- 6 || total
-------------------------+-------+-------++-------
Melee: Hand axe          |    73 |    54 ||   127
       Bite              |     9 |    10 ||    19
       Dagger            |    27 |    49 ||    76
       Punch             |       |     1 ||     1
Invok: Depart the Abyss  |     1 |       ||     1
  Use: Scroll            |     2 |       ||     2
       Potion            |       |     2 ||     2
 Stab: Sleeping          |     1 |       ||     1
Armor: Leather armour    |     4 |       ||     4
       Scale mail        |    38 |    21 ||    59
Dodge: Dodged            |    58 |    63 ||   121

Table legend: (Time is in decaauts)
 A = Elapsed time spent in this place.
 B = Non-inter-level travel time spent in this place.
 C = Inter-level travel time spent in this place.
 D = Time resting spent in this place.
 E = Time spent auto-exploring this place.
 F = Levels seen in this place.
 G = Mean time per level.
                   A        B        C        D        E       F      G
               +--------+--------+--------+--------+--------+-----+--------+
         Total |   3081 |   3018 |     63 |    239 |   2284 |   6 |  513.5 |
       Dungeon |   2960 |   2897 |     63 |    193 |   2279 |   4 |  740.0 |
         Abyss |      0 |      0 |      0 |      0 |      0 |   1 |    0.0 |
       Ossuary |    121 |    121 |      0 |     46 |      5 |   1 |  121.0 |
               +--------+--------+--------+--------+--------+-----+--------+

Top non-repeatable levels by time:
     D:2: 1118 daAuts
     D:3: 1053 daAuts
     D:1: 630 daAuts
     D:4: 157 daAuts
 Ossuary: 121 daAuts
